Map: Neon Violet Square LE

Players

tielas - Winner!

  • Race: Zerg Zerg
  • League: Diamond
  • Spawn Location: 5:00

Jonathas

  • Race: Terran Terran
  • League: Diamond
  • Spawn Location: 11:00

VOD

Have the link to the VOD?

Description

Time

  • Played on: Dec. 17, 2017, 7:02 a.m.
  • Length: 16:52
Show
View Real Time Build Order
Export as new Build Order

tielas Zerg - Winner!

Build Orders: 3 Hatch before Pool 

Get SALT Encoding   

  12  0:01  Drone  
  13  0:12  Drone  
  14  0:17  Overlord  
  14  0:29  Extractor x2, Drone  
  14  0:30  Drone  
  16  0:37  Drone  
  17  0:44  Drone  
  18  0:58  Hatchery  
  17  1:19  Hatchery  
  17  1:24  Drone  
  17  1:37  Spawning Pool  
  17  1:38  Drone  
  17  1:41  Drone  
  17  1:43  Extractor  
  17  1:46  Drone  
  18  1:53  Overlord  
  18  2:00  Overlord  
  18  2:11  Drone  
  18  2:15  Drone  
  20  2:24  Drone x2  
  20  2:25  Queen  
  24  2:34  Queen  
  26  2:38  Zergling x2  
  27  2:52  Drone x2  
  27  2:57  Drone  
  27  2:58  Roach Warren  
  29  3:04  Queen  
  31  3:07  Drone  
  31  3:10  Drone  
  33  3:19  Drone  
  34  3:20  Drone  
  34  3:25  Extractor, Drone  
  34  3:26  Drone  
  36  3:29  Drone  
  36  3:32  Drone  
  38  3:36  Drone x2  
  38  3:40  Drone x2  
  42  3:47  Roach x3  
  48  3:50  Drone  
  48  3:51  Drone  
  48  3:53  Overlord  
  50  4:08  Evolution Chamber  
  49  4:15  Evolution Chamber  
  48  4:18  Roach x2  
  48  4:19  Roach x3  
  48  4:21  Metabolic Boost  
  57  4:25  Overlord x2  
  57  4:29  Drone  
  57  4:30  Overlord  
  58  4:43  Queen  
  58  4:44  Ravager  
  61  4:51  Zergling x10  
  61  4:52  Zergling x10  
  50  5:22  Queen x2  
  50  5:24  Zergling x8  
  50  5:25  Zergling x14  
  45  5:58  Drone x2  
  45  5:59  Drone x7  
  45  6:00  Drone x2  
  56  6:06  Drone  
  49  6:30  Drone x3  
  49  6:31  Drone x3  
  53  6:33  Roach x6  
  65  6:44  Extractor  
  64  6:47  Extractor  
  64  6:51  Zerg Melee Weapons Level 1  
  64  6:54  Drone x3  
  66  6:55  Roach x4  
  74  7:07  Overlord  
  74  7:08  Overlord x2  
  74  7:21  Overlord x2  
  74  7:22  Overlord x6  
  74  7:25  Lair  
  74  7:44  Drone  
  75  7:45  Extractor, Drone x3  
  75  7:48  Drone x3  
  75  7:49  Drone x3  
  83  7:52  Extractor, Drone  
  83  7:53  Drone x3  
  83  7:55  Drone  
  87  8:14  Zerg Ground Armor Level 1, Hatchery  
  87  8:18  Baneling Nest  
  85  8:36  Zergling x6  
  85  8:37  Zergling x14  
  85  8:38  Zergling x12  
  101  8:49  Glial Reconstitution  
  101  8:57  Hydralisk Den  
  100  9:02  Overseer  
  100  9:07  Overseer x2  
  100  9:13  Pneumatized Carapace  
  100  9:21  Drone x3  
  100  9:22  Drone x5  
  100  9:23  Zergling x2  
  100  9:24  Zergling x10  
  112  9:25  Centrifical Hooks  
  114  9:48  Baneling x2  
  114  9:49  Baneling x3  
  114  9:50  Baneling  
  114  10:04  Muscular Augments, Overlord x5  
  114  10:07  Zerg Missile Weapons Level 1  
  114  10:21  Drone x2  
  114  10:22  Drone x2  
  114  10:23  Roach x8  
  114  10:24  Roach x2  
  134  10:46  Queen  
  134  10:48  Drone x2  
  134  10:49  Drone x6  
  145  10:50  Drone  
  145  10:52  Extractor  
  145  10:53  Extractor  
  145  10:54  Zergling x2  
  145  10:55  Zergling x16  
  145  10:56  Hatchery  
  151  11:01  Infestation Pit  
  150  11:29  Hydralisk x3  
  150  11:30  Hydralisk x7  
  150  11:31  Hydralisk x6  
  180  12:02  Hydralisk x7  
  180  12:03  Hydralisk x3  
  200  12:31  Spire  
  200  12:32  Hive  
  200  12:33  Pathogen Glands  
  200  12:35  Hatchery  
  198  12:56  Burrow  
  198  13:39  Hatchery  
  197  13:43  Overlord x2  
  197  13:44  Overlord  
  197  13:45  Queen, Extractor  
  197  13:46  Queen  
  200  13:49  Extractor  
  199  13:55  Overlord  
  199  13:56  Overlord x4  
  199  14:15  Ultralisk Cavern  
  198  14:21  Lurker Den  
  191  14:59  Swarm Host  
  191  15:02  Chitinous Plating  
  191  15:05  Adrenal Glands  
  193  15:33  Ultralisk  
  190  16:00  Ultralisk  
  195  16:29  Zergling x8  
  195  16:30  Zergling x2  
Show
View Real Time Build Order
Export as new Build Order

Jonathas Terran 

Build Orders: Cyclone Opening 

Get SALT Encoding   

  12  0:01  SCV  
  13  0:13  SCV  
  14  0:19  Supply Depot  
  14  0:26  SCV  
  15  0:30  Refinery  
  15  0:40  SCV  
  16  0:47  Barracks  
  16  0:52  SCV  
  17  0:57  Refinery  
  17  1:04  SCV  
  18  1:12  Supply Depot  
  18  1:21  SCV  
  19  1:37  Factory  
  19  1:43  Barracks Reactor  
  19  1:45  SCV  
  20  2:00  Orbital Command  
  20  2:21  Armory  
  20  2:31  SCV  
  20  2:35  Hellion x2  
  20  2:36  Marine  
  26  2:42  Supply Depot  
  26  2:47  SCV  
  27  2:54  Marine  
  27  2:58  Cyclone  
  31  3:04  Hellion  
  33  3:20  Marine  
  33  3:25  Hellbat  
  36  3:30  Cyclone  
  39  3:37  Supply Depot  
  39  3:39  Supply Depot  
  39  3:58  SCV, Marine  
  39  3:59  Supply Depot  
  43  4:03  Hellbat, Cyclone  
  46  4:16  Marine  
  47  4:31  Hellbat  
  49  4:33  Marine  
  49  4:35  Cyclone  
  53  4:38  Supply Depot  
  53  4:51  Marine  
  54  5:00  Command Center  
  53  5:09  Marine  
  43  5:30  Hellbat, Cyclone  
  30  5:52  Hellbat  
  32  6:02  Cyclone  
  35  6:13  Hellbat  
  37  6:21  Terran Vehicle Weapons Level 1  
  36  6:34  Hellbat  
  36  6:35  Hellbat  
  36  6:36  Marine  
  41  6:51  Factory  
  41  6:53  Marine  
  42  6:56  Hellbat x2  
  42  6:58  Orbital Command  
  42  7:01  SCV  
  47  7:12  Starport  
  47  7:13  Barracks Reactor  
  47  7:31  SCV x2  
  49  7:43  SCV x2, Bunker  
  51  7:46  Factory Tech Lab  
  51  7:55  SCV x2  
  51  7:56  Supply Depot  
  51  7:57  Starport Reactor  
  53  8:07  SCV  
  53  8:08  SCV  
  54  8:17  Hellbat, Liberator x2  
  54  8:19  SCV  
  63  8:42  Thor  
  69  8:53  Command Center  
  69  9:01  Bunker  
  69  9:03  Marine x2  
  71  9:16  SCV  
  71  9:17  SCV, Medivac x2  
  75  9:21  Marine x2  
  79  9:29  Liberator x2  
  79  9:39  Refinery, Marine x2  
  87  9:57  Marine x2  
  89  10:06  SCV x2  
  91  10:10  Refinery  
  91  10:15  Orbital Command  
  91  10:18  SCV  
  91  10:19  SCV  
  93  10:30  SCV  
  93  10:31  SCV  
  95  10:42  SCV  
  92  10:43  SCV  
  93  10:50  Engineering Bay  
  93  10:51  Marine x2  
  93  10:54  SCV  
  93  10:55  SCV  
  97  10:58  Medivac  
  97  10:59  Medivac  
  101  11:09  Marine x2  
  103  11:11  Liberator  
  103  11:27  Marine x2  
  103  11:29  Liberator  
  108  11:36  Supply Depot x2  
  108  11:38  Supply Depot  
  108  11:39  Supply Depot  
  108  11:41  Supply Depot  
  108  11:45  Marine  
  108  11:46  Marine  
  113  11:56  Hi-Sec Auto Tracking, Missile Turret  
  109  12:11  SCV x3, Medivac  
  114  12:22  Thor  
  120  12:23  SCV x3  
  120  12:24  Liberator  
  120  12:29  Medivac  
  125  12:35  SCV x2  
  125  12:36  SCV  
  125  12:37  Missile Turret  
  128  12:42  Liberator  
  128  12:43  Refinery  
  131  12:44  Refinery  
  131  12:46  Missile Turret  
  131  12:47  SCV  
  131  12:48  SCV x2  
  131  12:51  Terran Vehicle And Ship Armor Level 1  
  134  12:56  Supply Depot  
  134  12:59  SCV  
  134  13:00  SCV x2, Marine x2  
  134  13:05  Thor  
  148  13:09  Barracks  
  148  13:18  Marine x2  
  150  13:24  Medivac  
  152  13:34  Terran Infantry Weapons Level 1  
  152  13:35  Marine  
  152  13:36  Marine  
  154  13:53  Marine  
  155  14:00  Supply Depot  
  155  14:01  Supply Depot  
  154  14:13  Liberator x2  
  154  14:23  Command Center  
  160  14:45  Terran Ship Weapons Level 1  
  159  15:00  Supply Depot  
  159  15:01  Supply Depot  
  159  15:03  Barracks Tech Lab  
  159  15:08  Marine x2  
  161  15:19  Command Center  
  161  15:26  Marine x2  
  151  15:43  Marine  
  151  15:44  Marine  
  153  16:01  Marine  
  153  16:02  Marine  
Tags
 
Add a new tag
Caveats
  • Supply blocks, unpowered buildings, or Contaminate may cause inaccurate times.
  • Supply counts are checked every 10 seconds.